 Dungeon Crawl Stone Soup version 0.28.0-43-g3370ac3207 (webtiles) character file.

Game seed: 6347696508836610418

3378 TahmSelleck the Destroyer (level 9, -2/44 HPs)
             Began as a White Draconian Conjurer on Mar 7, 2022.
             Was a Priest of Hepliaklqana.
             Collided with a rock wall (4 damage)
             ... caused by a wretched star
             ... on level 2 of the Abyss.
             The game lasted 01:29:58 (9451 turns).

TahmSelleck the Destroyer (DrCj)                    Turns: 9451, Time: 01:29:59

Health: -2/44      AC: 11    Str:  9    XL:     9   Next: 74%
Magic:  18/29      EV: 12    Int: 22    God:    Hepliaklqana [***...]
Gold:   756        SH:  0    Dex: 11    Spells: 17/23 levels left

rFire   + . .      SeeInvis .   r - staff of conjuration
rCold   + . .      Faith    .   (no shield)
rNeg    . . .      Spirit   .   (armour unavailable)
rPois   .          Reflect  .   (helmet restricted)
rElec   .          Harm     .   (no cloak)
rCorr   .          Rampage  .   (no gloves)
Will    .....                   (no boots)
Stlth   ++........              k - amulet of regeneration
HPRegen 0.94/turn               s - ring of False Pretenses {rF+ MP+9}
MPRegen 0.21/turn               u - +4 ring of protection

@: no status effects
A: reduced essence, breathe frost, AC +7, unfitting armour, cold resistance 1,
cold-blooded, [frail 2]
a: Breathe Frost, Renounce Religion, Recall Ancestor, Ancestor Identity,
Transference


You were on level 2 of the Abyss.
You worshipped Hepliaklqana.
Hepliaklqana was most pleased with you.
You visited 2 branches of the dungeon, and saw 9 of its levels.
You visited the Abyss 1 time.

You collected 756 gold pieces.

Inventory:

Hand Weapons
 i - a +4 vorpal rapier
Magical Staves
 d - a staff of death
 g - a staff of poison
 r - a staff of conjuration (weapon)
Jewellery
 k - an amulet of regeneration (around neck)
 s - the ring of False Pretenses (left hand) {rF+ MP+9}
   (You acquired it on level 5 of the Dungeon)

   [ring of magical power]

   rF:        It protects you from fire.
   MP:        It affects your magic capacity (+9).
 u - a +4 ring of protection (right hand)
Wands
 f - a wand of digging (3)
 p - a wand of flame (27)
 x - a wand of acid (11)
Scrolls
 e - 2 scrolls of magic mapping
 j - a scroll of brand weapon
 l - 2 scrolls of holy word
 t - a scroll of enchant armour
 v - a scroll of fog
 w - 2 scrolls of blinking
 z - a scroll of identify
Potions
 a - 5 potions of degeneration
 b - a potion of lignification
 c - 2 potions of curing
 h - 2 potions of attraction
 m - 3 potions of might
 o - 2 potions of heal wounds
 q - a potion of haste


   Skills:
 + Level 1.5 Fighting
 + Level 1.1 Short Blades
 + Level 2.8 Dodging
 + Level 3.8 Stealth
 + Level 7.8 Spellcasting
 + Level 10.1 Conjurations
 + Level 2.0 Necromancy
 * Level 3.2 Ice Magic
 + Level 0.2 Poison Magic
 + Level 0.8 Invocations
 + Level 0.6 Evocations


You had 17 spell levels left.
You knew the following spells:

 Your Spells              Type           Power      Damage    Failure   Level
a - Magic Dart            Conj           100%       1d8       1%          1
b - Searing Ray           Conj           100%       2d8       1%          2
c - Dazzling Flash        Conj/Hex       92%        N/A       2%          3

Your spell library contained the following spells:

 Spells                   Type           Power      Damage    Failure   Level
 Slow                     Hex            32%        N/A       8%          1
 Vampiric Draining        Necr           17%        2d7       10%         3
 Fulminant Prism          Conj/Hex       23%        3d13      10%         4
 Iskenderun's Mystic Bla  Conj/Tloc      46%        2d10      10%         4
 Confusing Touch          Hex            8%         N/A       22%         3


Dungeon Overview and Level Annotations

Branches:
Dungeon (8/15)             Temple (1/1) D:6
   Lair: D:8-11

Altars:
Ashenzari
Cheibriados
Dithmenos
Elyvilon
Fedhas
Gozag
Hepliaklqana
Kikubaaqudgha
Makhleb
Qazlal
Ru
Trog
Uskayaw
Yredelemnul
Zin
The Shining One

Shops:
D:4 [==[


Innate Abilities, Weirdness & Mutations

Your life essence is reduced to manifest your ancestor. (-10% HP)
You can breathe waves of freezing cold which knock back foes.
Your icy white scales are hard. (AC +7)
You cannot fit into any form of body armour.
Your flesh is cold resistant. (rC+)
You are cold-blooded and may be slowed by cold attacks.
[You are very frail. (-20% HP)]


Message History

The wretched star is heavily damaged.
Eadwine barely misses the wretched star.
You feel a surge of power! Eadwine avoids your attack.
The magic dart hits the wretched star but does no damage.
The wretched star is heavily damaged.
Eadwine hits the wretched star with a +0 flail!
You feel a surge of power! Eadwine avoids your attack.
The magic dart hits the wretched star but does no damage.
The wretched star is heavily damaged.
Eadwine barely misses the wretched star.
You feel a surge of power! Eadwine avoids your attack.
The magic dart hits the wretched star but does no damage.
The wretched star is heavily damaged.
The wretched star pulses with an eldritch light!
You feel frail. x2
Eadwine closely misses the wretched star.
You feel a surge of power! Eadwine avoids your attack.
The magic dart hits the wretched star but does no damage.
The wretched star is heavily damaged.
Eadwine hits the wretched star but does no damage.
You feel a surge of power!
The magic dart hits the wretched star.
The wretched star is heavily damaged.
The wretched star glows turbulently.
The lance of force hits you!!
You are knocked back by the lance of force.
Eadwine hits the wretched star with a +0 flail!
You feel a surge of power!
The magic dart hits the wretched star but does no damage.
The wretched star is severely damaged.
You feel a surge of power!
The magic dart hits the wretched star.
The wretched star is severely damaged.
You feel a surge of power!
The magic dart hits the wretched star.
The wretched star is almost destroyed.
The wretched star glows turbulently.
The lance of force hits you!!
Ouch! That really hurt!
* * * LOW HITPOINT WARNING * * *
You are knocked back by the lance of force.
You slam into the rock wall!
You die...

####........#
.......#....##
#..........#
#...#......#
#.....R....# ..
..##..........# .
.....#....#*....#
... . .
##.#......##
........
##...@..## ..#
.#...###### ...
....#.## .#
..#..... .#. .
... ..# # ..
........ ### .###
# #...# # .
.....###.. ## ..
. ..# .. . #. ...


You could see the friendly Eadwine the knight and a wretched star (ally target).

Vanquished Creatures
  A two-headed ogre (D:5)
  Grinder (D:6)
  A sky beast (D:7)
  An ice beast (D:8)
  A necrophage (D:4)
  A bullfrog (D:7)
  A gnoll sergeant (D:6)
  A water moccasin zombie (D:5)
  Dowan (D:5)
  A wight (D:7)
  2 howler monkeys
  A bullfrog zombie (D:6)
  A jelly (D:4)
  2 centaur skeletons (D:7)
  An iguana (D:6)
  2 orc wizards
  A hound skeleton (D:5)
  9 gnolls
  4 adders
  A white imp (D:4)
  An ufetubus (D:7)
  An adder skeleton (D:4)
  A worm (D:5)
  3 dart slugs
  7 orcs
  6 endoplasms
  3 giant cockroaches
  10 goblins
  8 hobgoblins
  4 jackals
  14 kobolds
  2 quokkas (D:3)
  4 ball pythons
  4 bats
  5 frilled lizards
  4 rats
111 creatures vanquished.

Vanquished Creatures (collateral kills)
  Eustachio (D:5)
  Duvessa (D:5)
  An orc warrior (D:6)
  2 black bears
  A sky beast (D:7)
  An ogre (D:5)
  2 centaurs
  A kobold brigand (D:4)
  2 scorpions
  A bullfrog (D:7)
  A wyvern skeleton (D:7)
  2 wights (D:7)
  2 howler monkeys (D:8)
  A jelly (D:5)
  2 hounds
  A gnoll shaman (D:7)
  An orc wizard (D:7)
  2 hound skeletons (D:4)
  3 gnolls
  A howler monkey skeleton (D:4)
  3 adders
  A white imp (D:5)
  A worm (D:3)
  An orc (D:4)
  A jackal (D:4)
  9 kobolds (D:4)
45 creatures vanquished.

Vanquished Creatures (others)
  2 knights
  3 fungi (D:2)
  27 plants
32 creatures vanquished.

Grand Total: 188 creatures vanquished

Notes
Turn   | Place    | Note
-------+----------+-------------------------------------------
     0 | D:1      | TahmSelleck the Draconian Conjurer began the quest for the
                  | Orb.
     0 | D:1      | Reached XP level 1. HP: 14/14 MP: 3/3
   509 | D:1      | Reached XP level 2. HP: 20/20 MP: 1/5
  1409 | D:2      | Learned a level 2 spell: Searing Ray
  1528 | D:2      | Reached XP level 3. HP: 17/26 MP: 0/6
  1820 | D:2      | Found a faded altar of an unknown god.
  1888 | D:2      | Prayed at the altar of an unknown god.
  1888 | D:2      | Became a worshipper of Hepliaklqana the Forgotten
  1888 | D:2      | Reached * piety under Hepliaklqana
  1915 | D:2      | Found a sacrificial altar of Ru.
  2241 | D:3      | Found the dreamshard necklace {*Dream Drain}
  2260 | D:3      | Identified a scroll of acquirement
  2260 | D:3      | Acquired a staff of poison
  2366 | D:3      | Reached skill level 5 in Conjurations
  2437 | D:3      | Found a burning altar of Makhleb.
  2444 | D:3      | Found a shadowy altar of Dithmenos.
  2447 | D:3      | Found a basalt altar of Yredelemnul.
  2447 | D:3      | Found a stormy altar of Qazlal.
  2474 | D:3      | Found a sacrificial altar of Ru.
  2577 | D:3      | Reached ** piety under Hepliaklqana
  2578 | D:3      | Remembered your ancestor Eadwine as a knight
  2912 | D:3      | Reached XP level 4. HP: 29/29 MP: 3/7
  3404 | D:4      | Noticed a black bear
  3571 | D:4      | Killed a black bear
  3572 | D:4      | Reached XP level 5. HP: 34/34 MP: 4/9
  3706 | D:4      | Reached skill level 6 in Conjurations
  3706 | D:4      | Reached skill level 1 in Necromancy
  3706 | D:4      | Reached XP level 6. HP: 40/40 MP: 0/11
  3979 | D:4      | Found Juma's Armour Shoppe.
  3989 | D:4      | Found Hairphoameah's Armour Boutique.
  3989 | D:4      | Found Qukiot's Jewellery Emporium.
  3991 | D:4      | Found Qud Zume's Jewellery Shoppe.
  4550 | D:4      | Found a broken altar of Ashenzari.
  5106 | D:5      | Entered Level 5 of the Dungeon
  5106 | D:5      | Noticed Dowan
  5112 | D:5      | Killed Dowan
  5113 | D:5      | Your scales start taking on an icy white colour.
  5113 | D:5      | Reached XP level 7. HP: 45/45 MP: 5/12
  5113 | D:5      | Gained mutation: Your flesh is cold resistant. (rC+) [White
                  | Draconian growth]
  5118 | D:5      | Noticed Duvessa
  5168 | D:5      | Noticed Eustachio
  5193 | D:5      | Reached skill level 7 in Conjurations
  5194 | D:5      | Killed Duvessa
  5198 | D:5      | Killed Eustachio
  5690 | D:5      | Reached skill level 8 in Conjurations
  5690 | D:5      | Reached XP level 8. HP: 45/51 MP: 10/15
  5707 | D:5      | Reached skill level 5 in Spellcasting
  5885 | D:5      | Reached *** piety under Hepliaklqana
  6370 | D:5      | Noticed a two-headed ogre
  6384 | D:5      | Reached skill level 1 in Short Blades
  6504 | D:5      | Acquired a staff of conjuration
  6515 | D:5      | Learned a level 3 spell: Dazzling Flash
  6781 | D:5      | Killed a two-headed ogre
  6782 | D:5      | Reached skill level 9 in Conjurations
  6870 | D:5      | Acquired the ring of False Pretenses {rF+ MP+9}
  7019 | D:5      | Acquired 475 gold pieces
  7120 | D:6      | Noticed Grinder
  7141 | D:6      | Killed Grinder
  7142 | D:6      | Reached XP level 9. HP: 56/56 MP: 8/19
  7370 | D:6      | Reached skill level 1 in Fighting
  7762 | D:6      | Found a staircase to the Ecumenical Temple.
  7772 | Temple   | Entered the Ecumenical Temple
  8142 | D:7      | Reached skill level 1 in Ice Magic
  9157 | D:7      | Reached skill level 10 in Conjurations
  9300 | D:8      | Cast into level 2 of the Abyss (gnoll sergeant)
  9434 | Abyss:2  | Noticed a wretched star
  9451 | Abyss:2  | HP: 2/44 [wretched star/lance of force (27)]
  9451 | Abyss:2  | Collided with a rock wall

Illustrated notes

Levels and vault maps discovered:
D:1:      elethiomel_arrival_maze, layout_basic
D:2:      layout_basic, shapermc_ecumenical_altar_mp_ritualfount, basic_altar
D:3:      layout_basic, nicolae_overflow_hallway_of_the_gods
D:4:      kennysheep_kobold_camp, layout_loops_ring, nicolae_ashenzari_skybound,
          nicolae_wooded_promenade
D:5:      minmay_chambers_of_fours, layout_loops_corners, uniq_duvessa,
          uniq_eustachio
D:6:      layout_rooms, lemuel_temple_firewalk_b, uniq_grinder
D:7:      layout_basic, chequers_mini_garden, kennysheep_generic_room_3
D:8:      layout_loops_ring, serial_shops, nicolae_stop_n_shop_1,
          nicolae_shop_hallway_plus, shop, nicolae_inconvenience_store
Temple:   eino_temple_scatter_basement
Abyss:2:  base: D:6, hangedman_abyss_theft, serial_sigils_hangedman_gut

Skill      XL: |  1  2  3  4  5  6  7  8  9 |
---------------+----------------------------+-----
Dodging        | 2 |  2.8
Stealth        | 2 3 |  3.8
Conjurations   | 5 6 8 9 10 | 10.1
Spellcasting   | 3 4 6 7 |  7.8
Necromancy     | 1 2 |  2.0
Short Blades   | 1 |  1.1
Fighting       | 1 |  1.5
Ice Magic      | 3 |  3.2
Poison Magic   | |  0.2
Invocations    | |  0.8
Evocations     | |  0.6

Action                   |  1- 3 |  4- 6 |  7- 9 || total
-------------------------+-------+-------+-------++-------
Melee: Unarmed           |     3 |       |       ||     3
       Staff             |       |    28 |     2 ||    30
       Tailslap          |       |    14 |       ||    14
Throw: Throwing net      |       |       |     1 ||     1
 Cast: Magic Dart        |    90 |    71 |   192 ||   353
       Searing Ray       |     3 |     3 |     7 ||    13
       Dazzling Flash    |       |       |     1 ||     1
Invok: Ancestor Life: Kn |     1 |       |       ||     1
       Ancestor Identity |     1 |       |       ||     1
       Transference      |       |       |     2 ||     2
       Recall Ancestor   |       |       |     1 ||     1
 Abil: Breathe Frost     |       |       |     3 ||     3
Evoke: Wand              |       |       |     7 ||     7
  Use: Potion            |     3 |       |     5 ||     8
       Scroll            |     5 |     4 |    13 ||    22
Armor: Skin              |    15 |     3 |    25 ||    43
Dodge: Dodged            |    28 |     2 |    38 ||    68
